 Dungeon Crawl Stone Soup version 0.23.1 (webtiles) character file.

Game seed: 0

764 Malhgor the Magician (level 7, -3/51 HPs)
             Began as a Gnoll Wizard on Mar 11, 2019.
             Shot with an arrow by a centaur (7 damage)
             ... on level 5 of the Dungeon on Mar 12, 2019.
             The game lasted 00:25:31 (5096 turns).

Malhgor the Magician (Gnoll Wizard)                 Turns: 5096, Time: 00:25:31

Health: -3/51      AC:  3    Str: 10    XL:     7   Next: 81%
Magic:  5/18       EV: 15    Int: 22    God:
Gold:   260        SH:  0    Dex: 13    Spells: 7/21 levels left

rFire    . . .     SeeInvis +   t - +2 whip (venom)
rCold    . . .     Gourm    .   (no shield)
rNeg     . . .     Faith    .   v - +0 robe
rPois    .         Spirit   .   b - +0 hat
rElec    .         Reflect  .   (no cloak)
rCorr    +         Harm     .   g - +0 pair of gloves
MR       .....                  (no boots)
Stlth    +++.......             (no amulet)
HPRegen  0.17/turn              w - ring of see invisible
MPRegen  0.16/turn              a - ring of resist corrosion

@: no status effects
A: distributed training, fangs 1, strong nose
a: no special abilities


You were on level 5 of the Dungeon.
You were not hungry.

You visited 1 branch of the dungeon, and saw 6 of its levels.
You also visited: Sewer.

You collected 260 gold pieces.

Inventory:

Hand Weapons
 t - a +2 whip of venom (weapon)
Missiles
 f - 115 stones (quivered)
 y - 14 arrows
Armour
 b - a +0 hat (worn)
 c - a cursed +0 robe
 g - a +0 pair of gloves (worn)
 v - a +0 robe (worn)
Jewellery
 a - a ring of resist corrosion (right hand)
 w - a ring of see invisible (left hand)
Wands
 A - a wand of digging (5)
Scrolls
 e - 4 scrolls of remove curse
 j - 2 scrolls of teleportation
 n - a scroll of magic mapping
 o - 2 scrolls of enchant weapon {unknown}
 p - a scroll of random uselessness {unknown}
 u - 4 scrolls of enchant armour
 z - 3 scrolls of identify
Potions
 h - 7 potions of heal wounds
 i - 5 potions of curing
 k - 2 potions of agility {unknown}
 l - a potion of might {unknown}
 m - 2 potions of lignification {unknown}
 q - 2 potions of berserk rage {unknown}
 r - 4 potions of flight {unknown}
 s - 2 potions of degeneration {unknown}
 x - a potion of brilliance {unknown}
Comestibles
 d - 8 rations


   Skills:
 + Level 2.6 Fighting
 + Level 2.6 Short Blades
 + Level 2.6 Long Blades
 + Level 2.6 Axes
 + Level 2.6 Maces & Flails
 + Level 2.6 Polearms
 + Level 2.6 Staves
 + Level 2.6 Slings
 + Level 2.6 Bows
 + Level 2.6 Crossbows
 + Level 2.6 Throwing
 + Level 2.6 Armour
 + Level 5.3 Dodging
 + Level 5.0 Stealth
 + Level 2.6 Shields
 + Level 2.6 Unarmed Combat
 + Level 7.7 Spellcasting
 + Level 3.1 Conjurations
 + Level 2.1 Hexes
 + Level 2.1 Charms
 + Level 3.1 Summonings
 + Level 2.1 Necromancy
 + Level 3.1 Translocations
 + Level 2.1 Transmutations
 + Level 2.1 Fire Magic
 + Level 2.1 Ice Magic
 + Level 2.1 Air Magic
 + Level 2.1 Earth Magic
 + Level 2.1 Poison Magic
 + Level 3.0 Invocations
 + Level 2.6 Evocations


You had 7 spell levels left.
You knew the following spells:

 Your Spells              Type           Power        Failure   Level  Hunger
a - Magic Dart            Conj           ###.         2%          1    None
b - Blink                 Tloc           N/A          3%          2    None
c - Call Imp              Summ           ###.....     3%          2    None
d - Conjure Flame         Conj/Fire      ###.....     8%          3    None
e - Mephitic Cloud        Conj/Pois/Air  ###.....     9%          3    None
f - Gell's Gravitas       Tloc           ###.......   6%          3    None

Your spell library contained the following spells:

 Spells                   Type           Power        Failure   Level  Hunger
 Confusing Touch          Hex            ###...       3%          1    None
 Corona                   Hex            ###....      3%          1    None
 Ensorcelled Hibernation  Hex/Ice        ###...       4%          2    None
 Slow                     Hex            ###.....     4%          2    None
 Dazzling Spray           Conj/Hex       ###...       8%          3    None
 Confuse                  Hex            ###.....     10%         3    None
 Tukima's Dance           Hex            ###.....     10%         3    None
 Petrify                  Tmut/Erth      ###.....     30%         4    ###....
 Metabolic Englaciation   Hex/Ice        ###.......   65%         5    #####..
 Yara's Violent Unravell  Hex/Tmut       ###.......   65%         5    #####..


Dungeon Overview and Level Annotations

Branches:
Dungeon (6/15)
 Temple: D:4-7

Altars:
Wu Jian
Zin

Annotations:
D:1 Done
D:2 Done
D:3 Done
D:4 Done
D:6 Pikel


Innate Abilities, Weirdness & Mutations

Your experience applies equally to all skills.
You have very sharp teeth.
Your uncanny sense of smell can sniff out nearby items.


Message History

Unknown command.
You hit the centaur.
The centaur is poisoned.
The centaur is heavily wounded.
The centaur barely misses you.
The centaur drinks a potion.
The centaur is healed!
The slave completely misses you.
You miss the slave.
The slave is almost dead.
The centaur hits you but does no damage.
The slave closely misses you.
You hit the centaur.
The centaur is moderately wounded.
The centaur hits you.
* * * LOW HITPOINT WARNING * * *
The centaur closely misses you. The slave hits you.
* * * LOW HITPOINT WARNING * * *
Casting: Magic Dart (safe; 2% risk of failure)
Confirm with . or Enter, or press ? or * to list all spells.
You blink.
The slave looks more healthy.
The centaur wields a +0 shortbow.
The centaur shoots an arrow.
The arrow hits you!
You die...

.......###....#####......
#...................#....
#.......###..............
#####.........#.....<........
#.......#............÷......#
##.....###...##...............
###......§p.....................
#.........c....###.........####.
#....<.....[#[.@...........# #.
##...[.>...................# #.
#.........................# #.
#.........###.#...##..##.#####.
##.......## #.###.###..#.###...
#.........# #.###............##
#.........###.##...#p.........#
#.............p..###..........#
#...............## #.<.........


You could see a slave and a centaur.

Vanquished Creatures
  A slave (D:5)
  2 killer bees (D:4)
  A hound (D:4)
  An iguana (D:4)
  Jessica (D:3)
  An orc wizard (D:3)
  3 worker ants
  A hound zombie (D:5)
  15 adders
  5 river rats (Sewer)
  An ooze (D:5)
  An adder skeleton (D:5)
  4 worms
  A dart slug (D:2)
  4 leopard geckos
  6 orcs
  7 giant cockroaches
  4 goblins
  4 hobgoblins
  4 jackals
  2 quokkas
  5 ball pythons
  7 bats
  6 frilled lizards
  23 kobolds
  A quokka skeleton (D:4)
  19 rats
130 creatures vanquished.

Vanquished Creatures (collateral kills)
  Sigmund (D:4)
  3 killer bees (D:4)
  A ball python (Sewer)
  5 rats (Sewer)
10 creatures vanquished.

Vanquished Creatures (others)
  A worker ant (D:4)
1 creature vanquished.

Grand Total: 141 creatures vanquished

Notes
Turn   | Place    | Note
-------+----------+-------------------------------------------
     0 | D:1      | Malhgor the Gnoll Wizard began the quest for the Orb.
     0 | D:1      | Reached XP level 1. HP: 13/13 MP: 8/8
   346 | D:1      | Reached XP level 2. HP: 19/19 MP: 8/10
   868 | D:2      | Found a glowing silver altar of Zin.
   979 | D:2      | Reached XP level 3. HP: 25/25 MP: 5/11
  1001 | D:2      | Learned a level 2 spell: Blink
  1031 | D:2      | Reached skill level 1 in Invocations
  1138 | D:2      | Reached skill level 1 in Fighting
  1138 | D:2      | Reached skill level 1 in Short Blades
  1138 | D:2      | Reached skill level 1 in Long Blades
  1138 | D:2      | Reached skill level 1 in Axes
  1138 | D:2      | Reached skill level 1 in Maces & Flails
  1138 | D:2      | Reached skill level 1 in Polearms
  1138 | D:2      | Reached skill level 1 in Staves
  1138 | D:2      | Reached skill level 1 in Slings
  1138 | D:2      | Reached skill level 1 in Bows
  1138 | D:2      | Reached skill level 1 in Crossbows
  1138 | D:2      | Reached skill level 1 in Throwing
  1138 | D:2      | Reached skill level 1 in Armour
  1138 | D:2      | Reached skill level 1 in Shields
  1138 | D:2      | Reached skill level 1 in Unarmed Combat
  1138 | D:2      | Reached skill level 1 in Evocations
  1172 | D:2      | Learned a level 2 spell: Call Imp
  1176 | D:2      | Learned a level 3 spell: Conjure Flame
  1180 | D:2      | Learned a level 3 spell: Mephitic Cloud
  1240 | D:2      | Reached XP level 4. HP: 32/32 MP: 5/13
  1433 | D:3      | Learned a level 3 spell: Gell's Gravitas
  1453 | D:3      | Reached skill level 1 in Hexes
  1453 | D:3      | Reached skill level 1 in Charms
  1453 | D:3      | Reached skill level 1 in Necromancy
  1453 | D:3      | Reached skill level 1 in Transmutations
  1453 | D:3      | Reached skill level 1 in Fire Magic
  1453 | D:3      | Reached skill level 1 in Ice Magic
  1453 | D:3      | Reached skill level 1 in Air Magic
  1453 | D:3      | Reached skill level 1 in Earth Magic
  1453 | D:3      | Reached skill level 1 in Poison Magic
  1669 | D:2      | Reached XP level 5. HP: 34/37 MP: 7/14
  2139 | D:3      | Found an ornate altar of the Wu Jian Council.
  2311 | D:4      | Noticed Sigmund
  2317 | D:4      | Killed Sigmund
  2317 | D:4      | Reached XP level 6. HP: 44/44 MP: 9/16
  2428 | D:4      | Found a glowing drain.
  2438 | Sewer    | Entered a sewer
  2530 | Sewer    | Reached skill level 5 in Dodging
  3565 | D:4      | Reached XP level 7. HP: 50/50 MP: 14/18
  4307 | D:3      | Noticed Jessica
  4311 | D:3      | Killed Jessica
  4594 | D:5      | Entered Level 5 of the Dungeon
  4618 | D:5      | Reached skill level 5 in Stealth
  4854 | D:6      | Noticed Pikel
  5096 | D:5      | Shot with an arrow by a centaur

Skill      XL: |  1  2  3  4  5  6  7 |
---------------+----------------------+-----
Conjurations   | 2 3 |  3.1
Summonings     | 2 3 |  3.1
Translocations | 2 3 |  3.1
Invocations    | 1 2 3 |  3.0
Fighting       | 1 2 |  2.6
Short Blades   | 1 2 |  2.6
Long Blades    | 1 2 |  2.6
Axes           | 1 2 |  2.6
Maces & Flails | 1 2 |  2.6
Polearms       | 1 2 |  2.6
Staves         | 1 2 |  2.6
Slings         | 1 2 |  2.6
Bows           | 1 2 |  2.6
Crossbows      | 1 2 |  2.6
Throwing       | 1 2 |  2.6
Armour         | 1 2 |  2.6
Shields        | 1 2 |  2.6
Unarmed Combat | 1 2 |  2.6
Evocations     | 1 2 |  2.6
Hexes          | 1 2 |  2.1
Charms         | 1 2 |  2.1
Necromancy     | 1 2 |  2.1
Transmutations | 1 2 |  2.1
Fire Magic     | 1 2 |  2.1
Ice Magic      | 1 2 |  2.1
Air Magic      | 1 2 |  2.1
Earth Magic    | 1 2 |  2.1
Poison Magic   | 1 2 |  2.1
Dodging        | 5 |  5.3
Stealth        | 5 |  5.0
Spellcasting   | |  7.7

Action                   |  1- 3 |  4- 6 |  7- 9 || total
-------------------------+-------+-------+-------++-------
Melee: Whip              |     9 |    41 |    37 ||    87
       Bite              |       |     1 |     1 ||     2
       Punch             |       |     1 |       ||     1
 Cast: Magic Dart        |    67 |   196 |    84 ||   347
       Call Imp          |       |     3 |       ||     3
       Blink             |       |     4 |     3 ||     7
       Gell's Gravitas   |       |       |     3 ||     3
       Conjure Flame     |       |       |     1 ||     1
       Mephitic Cloud    |       |       |     1 ||     1
  Use: Scroll            |       |     5 |       ||     5
       Potion            |       |     1 |       ||     1
  Eat: Chunk             |     1 |     7 |     5 ||    13
Armor: Robe              |     9 |    10 |     7 ||    26
Dodge: Dodged            |    25 |    59 |    45 ||   129
